 Dungeon Sprint DCSS version 0.21-a0-113-g6841d05 (webtiles) character file.

68 Kidiri the Magician (level 4, -1/26 HPs)
             Began as a Deep Elf Fire Elementalist on July 12, 2017.
             Was a Believer of Vehumet.
             Killed from afar by an orc (26 damage)
             ... with an exploding inner flame
             ... hexed by the player character
             ... in the Dungeon (Sprint VII: "The Pits").
             The game lasted 00:02:39 (432 turns).

Kidiri the Magician (Deep Elf Fire Elementalist)     Turns: 432, Time: 00:02:40

Health: -1/26      AC:  2    Str:  5    XL:     4   Next: 1%
Magic:  3/14       EV: 14    Int: 21    God:    Vehumet [**....]
Gold:   0          SH:  0    Dex: 15    Spells: 2/15 levels left

rFire    . . .     SeeInvis .   p - +2 dagger (elec)
rCold    . . .     Gourm    .   (no shield)
rNeg     . . .     Faith    .   a - +0 robe
rPois    .         Spirit   .   (no helmet)
rElec    .         Reflect  .   (no cloak)
rCorr    .         Harm     .   (no gloves)
MR       .....     NoTele   +   (no boots)
Stlth    ++........             (no amulet)
HPRegen  0.08/turn              (no ring)
MPRegen  0.14/turn              (no ring)

@: very slightly contaminated, hasted and slowed
A: no striking features
a: Renounce Religion


You were in the Dungeon.
You worshipped Vehumet.
Vehumet was pleased with you.
You were not hungry.

You visited 1 branch

Inventory:

Hand Weapons
 p - a +2 dagger of electrocution (weapon)
Armour
 a - a +0 robe (worn)
Scrolls
 i - a scroll of blinking
 k - 3 scrolls of remove curse
 l - 5 scrolls of amnesia
 m - a scroll of summoning
Potions
 d - 6 potions of curing
 e - 5 potions of heal wounds
 g - 3 potions of magic
 h - 3 potions of berserk rage
 j - 2 potions of invisibility
Books
 b - a book of Flames

   Spells                             Type                      Level
   a - Flame Tongue                   Conjuration/Fire             1
   b - Throw Flame                    Conjuration/Fire             2
   c - Conjure Flame                  Conjuration/Fire             3
   d - Inner Flame                    Hexes/Fire                   3
   e - Sticky Flame                   Conjuration/Fire             4
   f - Fireball                       Conjuration/Fire             5
Comestibles
 c - 8 bread rations
 n - 40 fruits
 o - 7 meat rations
 q - 5 chunks of flesh


   Skills:
 + Level 1.9 Fighting
 + Level 2.1 Short Blades
 + Level 2.0 Armour
 + Level 4.0 Dodging
 - Level 2.4 Stealth
 * Level 6.2 Spellcasting
 + Level 3.0 Conjurations
 + Level 4.3 Fire Magic


You had 2 spell levels left.
You knew the following spells:

 Your Spells              Type           Power        Failure   Level  Hunger
a - Flame Tongue          Conj/Fire      ###..        1%          1    None
b - Throw Flame           Conj/Fire      ###...       3%          2    None
c - Conjure Flame         Conj/Fire      ###.....     6%          3    #......
d - Inner Flame           Hex/Fire       ###.....     12%         3    #......
e - Sticky Flame          Conj/Fire      ###.....     21%         4    ###....


Dungeon Overview and Level Annotations

Branches:
Dungeon (1/1)

Altars:
Ashenzari
Cheibriados
Dithmenos
Elyvilon
Fedhas
Gozag
Hepliaklqana
Kikubaaqudgha
Makhleb
Nemelex Xobeh
Okawaru
Qazlal
Ru
Sif Muna
Trog
Uskayaw
Vehumet
Wu Jian
Xom
Yredelemnul
Zin
The Shining One
Beogh
Jiyva
Lugonu


Message History

The orc wizard gestures wildly while chanting.
The orc wizard blinks!
The orc hits you but does no damage.
Unknown command.
Casting: Inner Flame
Confirm with . or Enter, or press ? or * to list all spells.
Okay, then.
You feel yourself speed up. The orc hits you. The orc barely misses you.
Unknown command.
Casting: Inner Flame
Confirm with . or Enter, or press ? or * to list all spells.
Aiming: Sticky Flame
Press: ? - help, Shift-Dir - straight line, f/p - orc
Aim: an orc, wearing a leather armour (inner flame)
The sticky flame hits the orc.
The orc is heavily wounded.
The orc is covered in liquid flames!
The orc burns!
The orc explodes!
The fiery explosion engulfs you!
Ouch! That really hurt!
You die...

#.......)...'.....
#'#####+#####.....
#.#...#.#[[##.....
#.#...#.#))#####+#
#.#...+.#))##.....
#.##+####))##.....
#.#..÷..#..##.....
#.#÷....#+###...<.
#@#........##.....
#§#........##.....
#Y###########.....


#rG ###### #os. ##.#. .... .# #. .. .. You could see an ice beast, a scorpion, a
porcupine, a floating eye and an orc (inner flame).

Vanquished Creatures
  2 worker ants (D)
  An adder (D)
  An ooze (D)
  An adder skeleton (D)
  A quokka (D)
  A ball python (D)
  2 goblins (D)
9 creatures vanquished.

Notes
Turn   | Place    | Note
-------+----------+-------------------------------------------
     0 | D        | Kidiri the Deep Elf Fire Elementalist began the quest for the Orb.
     0 | D        | Reached XP level 1. HP: 10/10 MP: 6/6
    59 | D        | Found a bloodstained altar of Trog.
    59 | D        | Found a deep blue altar of Sif Muna.
    59 | D        | Found a viscous altar of Jiyva.
    59 | D        | Found a hazy altar of Hepliaklqana.
    59 | D        | Found an opulent altar of Gozag.
    60 | D        | Found a glowing golden altar of the Shining One.
    60 | D        | Found a glowing silver altar of Zin.
    60 | D        | Found a basalt altar of Yredelemnul.
    60 | D        | Found a shimmering altar of Xom.
    60 | D        | Found an ornate altar of the Wu Jian Council.
    60 | D        | Found a sacrificial altar of Ru.
    60 | D        | Found a stormy altar of Qazlal.
    60 | D        | Found an iron altar of Okawaru.
    60 | D        | Found a sparkling altar of Nemelex Xobeh.
    60 | D        | Found a burning altar of Makhleb.
    60 | D        | Found a blossoming altar of Fedhas.
    60 | D        | Found a white marble altar of Elyvilon.
    60 | D        | Found a shadowy altar of Dithmenos.
    60 | D        | Found a snail-covered altar of Cheibriados.
    62 | D        | Found a radiant altar of Vehumet.
    62 | D        | Found a corrupted altar of Lugonu.
    62 | D        | Found a roughly hewn altar of Beogh.
    63 | D        | Found a hide-covered altar of Uskayaw.
    63 | D        | Found an ancient bone altar of Kikubaaqudgha.
    63 | D        | Found a shattered altar of Ashenzari.
    70 | D        | Became a worshipper of Vehumet
    87 | D        | Noticed a worker ant
    93 | D        | Killed a worker ant
    93 | D        | Reached skill level 1 in Fighting
    93 | D        | Reached skill level 1 in Short Blades
    93 | D        | Reached skill level 1 in Armour
    93 | D        | Reached skill level 5 in Spellcasting
    93 | D        | Reached XP level 2. HP: 16/16 MP: 2/10
   175 | D        | Learned a level 2 spell: Throw Flame
   182 | D        | Reached * piety under Vehumet
   182 | D        | Offered knowledge of Magic Dart by Vehumet.
   182 | D        | Reached XP level 3. HP: 18/20 MP: 4/11
   192 | D        | Learned a level 3 spell: Conjure Flame
   196 | D        | Learned a level 3 spell: Inner Flame
   301 | D        | Reached ** piety under Vehumet
   301 | D        | Reached skill level 6 in Spellcasting
   331 | D        | Offered knowledge of Sting by Vehumet.
   334 | D        | Reached XP level 4. HP: 23/26 MP: 11/14
   340 | D        | Learned a level 4 spell: Sticky Flame
   412 | D        | Noticed an ice beast
   419 | D        | Noticed a porcupine
   423 | D        | Noticed a floating eye
   427 | D        | Paralysed by a floating eye for 3 turns
   432 | D        | Killed from afar by an orc

Vault maps used:
D:        pitsprint

Skill      XL: |  1  2  3 |
---------------+----------+-----
Fighting       | 1 |  1.9
Short Blades   | 1 2 |  2.1
Armour         | 1 2 |  2.0
Dodging        | 3 4 |  4.0
Spellcasting   | 5 6 |  6.2
Conjurations   | 2 3 |  3.0
Fire Magic     | 4 |  4.3
Stealth        | |  2.4

Action                   |  1- 3 |  4- 6 || total
-------------------------+-------+-------++-------
Melee: Dagger            |     1 |       ||     1
 Cast: Flame Tongue      |    24 |     1 ||    25
       Throw Flame       |     1 |       ||     1
       Conjure Flame     |       |     3 ||     3
       Inner Flame       |       |     3 ||     3
       Sticky Flame      |       |     1 ||     1
  Use: Potion            |     1 |     2 ||     3
Armor: Robe              |     2 |     1 ||     3
Dodge: Dodged            |    13 |     2 ||    15
